 Dungeon Crawl Stone Soup version 0.28.0-62-gf88900778d (webtiles) character file.

Game seed: 15714426650355152704

135 cbfl8 the Covered (level 4, -1/40 HPs)
             Began as a Minotaur Fighter on Sept 11, 2023.
             Slain by Sigmund
             ... wielding a +0 scythe
              (5 damage)
             ... on level 3 of the Dungeon.
             The game lasted 00:02:09 (2287 turns).

cbfl8 the Covered (Minotaur Fighter)                Turns: 2287, Time: 00:02:10

Health: -1/40      AC:  8    Str: 21    XL:     4   Next: 96%
Magic:  3/3        EV:  9    Int:  5    God:
Gold:   32         SH:  4    Dex: 11    Spells: 3/3 levels left

rFire   + . .      SeeInvis .   e - +5 broad axe of the Wary Tables {vorpal, *Noise rElec rPois Will+++ Stlth+}
rCold   x . .      Faith    .   c - +0 buckler
rNeg    . . .      Spirit   .   b - +0 scale mail
rPois   +          Reflect  .   (helmet restricted)
rElec   +          Harm     .   (no cloak)
rCorr   .          Rampage  .   i - +0 pair of gloves
Will    +++..                   (no boots)
Stlth   +.........              (no amulet)
HPRegen 0.13/turn               k - ring of fire
MPRegen 0.08/turn               (no ring)

@: no status effects
A: horns 2, retaliatory headbutt
a: no special abilities


You were on level 3 of the Dungeon.
You visited 1 branch of the dungeon, and saw 3 of its levels.

You collected 90 gold pieces.
You spent 58 gold pieces at shops.

Inventory:

Hand Weapons
 e - the +5 broad axe of the Wary Tables (weapon) {vorpal, *Noise rElec rPois Will+++ Stlth+}
   (You acquired it on level 3 of the Dungeon)

   It inflicts extra damage upon your enemies.
   rElec:     It insulates you from electricity.
   rPois:     It protects you from poison.
   *Noise:    It may make noises in combat.
   Will:      It greatly increases your willpower.
   Stlth:     It makes you more stealthy.
Armour
 b - a +0 scale mail (worn)
 c - a +0 buckler (worn)
 i - a +0 pair of gloves (worn)
Jewellery
 k - a ring of fire (left hand)
Wands
 a - a wand of digging (8)
Scrolls
 j - a scroll of noise
 m - 2 scrolls of teleportation
 n - a scroll of vulnerability {unknown}
Potions
 d - a potion of might
 g - a potion of brilliance
 h - a potion of attraction {unknown}
 l - a potion of heal wounds {unknown}
 o - a potion of resistance {unknown}


   Skills:
 + Level 4.2 Fighting
 + Level 3.9 Axes
 + Level 4.7 Armour
 + Level 4.0 Shields
 * Level 1.7 Evocations


You had 3 spell levels left.
You didn't know any spells.
Your spell library contained the following spells:

 Spells                   Type           Power      Damage    Failure   Level
 Animate Skeleton         Necr           0%         N/A       88%         1
 Apportation              Tloc           0%         N/A       88%         1
 Beastly Appendage        Tmut           0%         N/A       88%         1
 Summon Small Mammal      Summ           0%         N/A       88%         1
 Static Discharge         Conj/Air       0%         N/A       95%         2
 Wereblood                Tmut           0%         N/A       95%         2
 Spider Form              Tmut/Pois      0%         N/A       99%         3
 Dispel Undead            Necr           0%         3d6       100%        4
 Sticky Flame             Conj/Fire      0%         2d3       100%        4


Dungeon Overview and Level Annotations

Branches:
Dungeon (3/15)

Altars:
Yredelemnul

Shops:
D:3 =*!:

Annotations:
D:3 Ijyb, Sigmund


Innate Abilities, Weirdness & Mutations

You have a pair of horns on your head.
You reflexively headbutt those who attack you in melee.


Message History

You block the orc priest's attack. Something hits you.
An orc comes into view. It is wielding a +0 long sword.
Unknown command.
You are too injured to fight recklessly!
Unknown command.
You are too injured to fight recklessly!
Unknown command.
You are too injured to fight recklessly!
Unknown command.
You slash the orc priest!
You kill the orc priest!
You barely miss the rat. The rat bites you but does no damage.
Something hits you. The rat barely misses you.
Unknown command.
You feel better. Ijyb barely misses you. The rat barely misses you.
You feel better. Something hits you!
Ijyb zaps a wand.
The puff of flame hits you. You resist. The rat bites you but does no damage.
You hit Ijyb but do no damage. You slash the rat!
You kill the rat!
Ijyb hits you with a +0 club. You block something's attack.
You hit Ijyb.
Ijyb is lightly wounded.
You hit the orc.
You kill the orc!
You slash the orc!
Your broad axe of the Wary Tables whistles innocently.
You kill the orc!
Ijyb zaps a wand.
The puff of flame hits you. You resist.
* * * LOW HITPOINT WARNING * * *
Something hits you!
* * * LOW HITPOINT WARNING * * *
Ijyb hits you with a +0 club.
* * * LOW HITPOINT WARNING * * *
The orc barely misses you.
You barely miss Ijyb. Your headbutt misses Ijyb.
Ijyb is lightly wounded.
You slash the orc!
You kill the orc!
Ijyb hits you but does no damage. Something hits you.
You die...

.... ... ... ..
#.######## #
#........#
#.#.g).....#
#...)@.....#
#..........#
#.#........######
# #..............
#.#####........
#..............
###....########
#..........#
#...######.#


You could see Ijyb.

Vanquished Creatures
  An orc priest (D:3)
  Jessica (D:3)
  4 adders
  4 orcs (D:3)
  2 ball pythons
  7 endoplasms
  A goblin (D:1)
  2 hobgoblins (D:3)
  4 jackals (D:2)
  2 quokkas
  5 bats
  A frilled lizard (D:2)
  2 kobolds (D:1)
  5 rats
41 creatures vanquished.

Notes
Turn   | Place    | Note
-------+----------+-------------------------------------------
     0 | D:1      | cbfl8 the Minotaur Fighter began the quest for the Orb.
     0 | D:1      | Reached XP level 1. HP: 19/19 MP: 0/0
   357 | D:1      | You fall into a shaft and drop 1 floor!
   357 | D:2      | Found a basalt altar of Yredelemnul.
   364 | D:2      | Reached XP level 2. HP: 27/27 MP: 1/1
   413 | D:2      | Found a faded altar of an unknown god.
   675 | D:1      | Reached XP level 3. HP: 25/33 MP: 2/2
  1254 | D:2      | Identified the +8 short sword of Ru {flame, Int+6 Dex+4}
  2001 | D:3      | Found Imooz's Assorted Antiques.
  2006 | D:3      | Bought a scroll labelled KEIRUM IHOPN for 29 gold pieces
  2006 | D:3      | Bought a scroll labelled KEIRUM IHOPN for 29 gold pieces
  2039 | D:3      | Reached skill level 1 in Evocations
  2108 | D:3      | Identified a scroll of acquirement
  2113 | D:3      | Acquired the +5 broad axe of the Wary Tables {vorpal,
                  | *Noise rElec rPois Will+++ Stlth+}
  2132 | D:3      | Found Patsuasi's Distillery.
  2139 | D:3      | Found Quytraxe's Book Boutique.
  2187 | D:3      | Noticed Jessica
  2191 | D:3      | Killed Jessica
  2192 | D:3      | Reached XP level 4. HP: 38/40 MP: 3/3
  2226 | D:3      | Found Yffaivoh's Jewellery Boutique.
  2272 | D:3      | Noticed Sigmund
  2279 | D:3      | Noticed Ijyb
  2287 | D:3      | Slain by Sigmund

Illustrated notes

Levels and vault maps discovered:
D:1:      denvon_arrival_planthouse, layout_basic, moated_statue
D:2:      layout_loops_ring, basic_altar, hellmonk_ecumenical_altar_dog_temple,
          minmay_tree_intersection
D:3:      layout_basic, serial_shops, nicolae_square_shop, shop,
          nicolae_shop_hallway_stairs, shop, nicolae_shop_statue_plus,
          kennysheep_generic_room_5, uniq_jessica, uniq_ijyb, uniq_sigmund

Skill      XL: |  1  2  3 |
---------------+----------+-----
Fighting       | 4 |  4.2
Armour         | 4 |  4.7
Axes           | 3 |  3.9
Evocations     | 1 |  1.7
Shields        | 4 |  4.0

Action                   |  1- 3 |  4- 6 || total
-------------------------+-------+-------++-------
Melee: War axe           |    63 |       ||    63
       Headbutt          |     4 |     3 ||     7
       Broad axe         |     6 |     9 ||    15
  Use: Scroll            |     8 |       ||     8
       Potion            |       |     2 ||     2
Armor: Scale mail        |    41 |     7 ||    48
Dodge: Dodged            |    35 |     6 ||    41
Block: Buckler           |    12 |     3 ||    15
